Map: Thunderbird LE

Players

MaNa

  • Race: Protoss Protoss
  • Spawn Location: 5:00

souL - Winner!

  • Race: Terran Terran
  • Spawn Location: 11:00

Event: 2019 WCS Summer

VOD

Have the link to the VOD?

Description

Time

  • Played on: July 12, 2019, 2:51 p.m.
  • Length: 10:49

All games in this series

Show
View Real Time Build Order
Export as new Build Order

MaNa Protoss 

Build Orders: 1 Gate Expand, Phoenix Opening, Blink Stalkers 

Get SALT Encoding   

  12  0:00  Probe  
  13  0:12  Probe  
  14  0:17  Pylon  
  14  0:24  Probe  
  15  0:32  Probe  
  15  0:37  Gateway  
  15  0:41  Probe  
  16  0:43  Assimilator  
  17  0:52  Probe  
  18  1:04  Probe  
  19  1:16  Probe  
  20  1:22  Nexus  
  20  1:33  Cybernetics Core  
  20  1:35  Probe  
  21  1:41  Assimilator  
  21  1:47  Probe  
  21  1:51  Pylon  
  22  1:59  Probe  
  22  2:00  Adept  
  23  2:11  Probe, Warp Gate  
  26  2:23  Probe  
  27  2:30  Sentry  
  27  2:35  Probe, Twilight Council  
  27  2:36  Probe  
  30  2:43  Probe  
  30  2:44  Probe  
  30  2:51  Probe  
  32  2:52  Probe  
  32  2:53  Blink  
  32  2:56  Stalker  
  36  3:01  Gateway  
  36  3:04  Probe, Phoenix  
  36  3:05  Probe  
  38  3:26  Stalker, Probe x2  
  42  3:30  Pylon  
  42  3:41  Robotics Facility  
  42  3:42  Probe x2  
  42  3:48  Shield Battery  
  44  3:54  Probe x2  
  45  4:06  Stalker x2, Probe  
  46  4:10  Probe  
  43  4:18  Probe x2  
  45  4:26  Probe  
  45  4:29  Observer  
  45  4:30  Probe  
  45  4:31  Nexus  
  48  4:36  Assimilator  
  48  4:38  Probe  
  48  4:40  Probe  
  48  4:44  Pylon  
  50  4:48  Probe  
  50  4:50  Observer, Probe  
  53  4:55  Pylon  
  53  4:57  Probe  
  53  5:02  Probe, Pylon  
  55  5:09  Forge  
  55  5:10  Forge  
  55  5:11  Probe  
  55  5:14  Observer, Probe  
  55  5:17  Stalker  
  55  5:21  Stalker  
  60  5:24  Charge  
  60  5:26  Probe  
  60  5:28  Probe  
  62  5:29  Observer  
  62  5:33  Observer  
  62  5:39  Gateway, Protoss Ground Weapons Level 1  
  62  5:41  Gateway  
  62  5:46  Probe  
  62  5:47  Probe  
  62  5:49  Probe, Protoss Ground Armor Level 1  
  65  5:58  Probe  
  65  6:00  Probe  
  65  6:01  Probe  
  68  6:04  Gateway  
  68  6:10  Probe  
  69  6:11  Gateway  
  69  6:12  Probe  
  69  6:13  Probe  
  69  6:14  Immortal, Templar Archives  
  71  6:22  Probe  
  71  6:24  Probe  
  77  6:25  Observer  
  77  6:27  Probe  
  78  6:34  Probe, Gateway  
  78  6:35  Gateway  
  79  6:40  Sentry, Zealot x2  
  79  6:41  Psionic Storm  
  79  6:44  Assimilator  
  84  6:48  Probe x2, Warp Prism  
  86  6:54  Probe  
  86  7:00  Probe  
  90  7:06  High Templar  
  92  7:10  Pylon  
  92  7:13  Gateway  
  92  7:15  Gateway  
  92  7:16  Pylon  
  92  7:18  Probe  
  93  7:27  Pylon  
  93  7:30  Zealot x3, High Templar  
  93  7:33  Protoss Ground Weapons Level 2  
  100  7:38  Zealot x4  
  100  7:42  Nexus  
  108  7:50  Zealot  
  108  7:51  Assimilator, Zealot x2  
  114  7:54  Protoss Ground Armor Level 2  
  114  8:09  High Templar  
  116  8:13  Pylon  
  116  8:17  Shield Battery  
  116  8:29  Pylon  
  116  8:30  Pylon  
  116  8:31  Immortal, Pylon  
  116  8:32  Zealot  
  116  8:33  Zealot  
  124  8:37  Assimilator  
  124  8:40  Pylon  
  113  8:50  Probe x2  
  113  8:53  Zealot x2  
  119  9:02  Zealot x8  
  119  9:24  Zealot x8  
  112  9:43  Probe x2  
  110  9:46  High Templar x4  
  110  9:47  High Templar x3  
  110  9:48  Zealot  
  110  9:52  Archon x2  
  126  9:53  Archon  
  112  10:09  High Templar  
  112  10:10  Zealot, High Templar  
  88  10:23  Zealot x6  
  88  10:28  Archon  
  80  10:36  Probe  
  80  10:37  Probe  
  80  10:40  High Templar x2  
  80  10:42  Zealot x2  
  85  10:43  Zealot x2  
  85  10:46  Archon  
Show
View Real Time Build Order
Export as new Build Order

souL Terran - Winner!

Build Orders: Gas First Reaper Expand 

Get SALT Encoding   

  12  0:00  SCV  
  13  0:12  SCV  
  14  0:17  Supply Depot  
  14  0:25  SCV  
  14  0:28  Refinery  
  15  0:39  SCV  
  16  0:44  Barracks  
  16  0:51  SCV  
  17  1:03  SCV  
  18  1:15  SCV  
  19  1:31  Reaper  
  19  1:32  Orbital Command  
  20  1:47  Command Center  
  20  1:57  Factory  
  20  2:00  SCV  
  21  2:06  Barracks Reactor  
  21  2:12  SCV  
  21  2:14  Supply Depot  
  22  2:18  Refinery  
  22  2:25  SCV  
  24  2:37  SCV  
  24  2:44  Starport  
  24  2:48  Hellion x2  
  24  2:50  SCV  
  29  3:00  Orbital Command  
  29  3:07  SCV  
  29  3:10  Hellion  
  34  3:13  Hellion  
  34  3:15  Barracks Tech Lab  
  34  3:24  SCV  
  34  3:26  Viking  
  37  3:28  SCV  
  38  3:36  SCV  
  38  3:41  SCV  
  40  3:42  Marine x2  
  40  3:43  Supply Depot  
  40  3:47  Siege Tank  
  45  3:48  SCV  
  45  3:55  Supply Depot  
  46  4:01  SCV  
  46  4:04  Starport Tech Lab, Marine x2, SCV  
  47  4:13  SCV  
  47  4:16  SCV  
  43  4:19  Siege Tank  
  43  4:21  Marine  
  43  4:22  Bunker  
  47  4:25  SCV  
  47  4:28  SCV  
  49  4:31  Raven  
  49  4:35  Supply Depot  
  49  4:36  Marine  
  49  4:37  SCV  
  53  4:40  Marine, SCV  
  55  4:47  Command Center  
  55  4:49  SCV  
  56  4:54  Siege Tank, Marine  
  56  4:57  SCV  
  61  5:01  SCV  
  61  5:02  Supply Depot  
  63  5:09  SCV  
  63  5:10  Refinery  
  63  5:11  Refinery  
  63  5:13  SCV  
  65  5:21  SCV  
  65  5:23  Barracks  
  65  5:24  Starport Reactor  
  65  5:25  Barracks, SCV  
  65  5:28  Marine, Supply Depot  
  66  5:29  Stimpack  
  66  5:33  SCV  
  68  5:38  SCV  
  68  5:39  Engineering Bay  
  68  5:41  Engineering Bay  
  68  5:42  Factory Reactor  
  69  5:45  SCV  
  69  5:47  Marauder  
  72  5:51  SCV  
  72  5:56  Barracks  
  73  5:58  Barracks, SCV  
  73  6:02  Orbital Command  
  73  6:03  SCV  
  74  6:07  Terran Infantry Weapons Level 1  
  74  6:09  Terran Infantry Armor Level 1  
  74  6:10  SCV  
  75  6:16  Marauder, Marine, SCV  
  79  6:20  Barracks Tech Lab  
  79  6:21  Widow Mine x2  
  79  6:22  SCV  
  84  6:28  SCV, Supply Depot  
  84  6:32  Marine, Supply Depot  
  86  6:34  SCV  
  86  6:38  Marauder, Marine  
  90  6:41  Orbital Command  
  92  6:47  Barracks Reactor  
  92  6:49  Combat Shield, Marine  
  92  6:52  Widow Mine  
  92  6:53  Widow Mine  
  95  6:54  SCV x2  
  95  6:56  Supply Depot x2  
  95  6:59  Marine, Marauder  
  95  7:00  Marauder  
  102  7:02  Medivac  
  102  7:05  Medivac  
  102  7:06  SCV x3  
  102  7:07  Marine  
  110  7:12  Supply Depot  
  110  7:16  Marine  
  110  7:18  SCV x2  
  110  7:19  Missile Turret  
  110  7:20  Marauder  
  110  7:21  Marauder, Marine, Missile Turret  
  118  7:26  Marauder  
  118  7:28  Widow Mine  
  118  7:29  Marine  
  123  7:31  Concussive Shells  
  123  7:34  Marine  
  123  7:36  SCV x2  
  126  7:39  SCV  
  126  7:41  Medivac x2  
  126  7:42  Marauder  
  126  7:43  Marauder  
  135  7:48  SCV  
  135  7:49  Marauder, Marine  
  139  7:55  Refinery x2  
  139  7:56  Armory  
  139  7:57  Sensor Tower  
  139  7:58  Ghost Academy  
  139  8:00  Marine  
  139  8:02  SCV, Supply Depot  
  139  8:03  Supply Depot  
  141  8:19  Marine  
  141  8:24  SCV x3, Supply Depot, Medivac x2  
  141  8:25  Supply Depot  
  141  8:26  Command Center, Supply Depot  
  148  8:29  Ghost x2  
  152  8:34  Ghost  
  152  8:36  SCV x2  
  152  8:39  Marine  
  152  8:56  Viking x2  
  152  8:58  Ghost  
  152  8:59  Marauder  
  155  9:04  Marine  
  155  9:05  Marine x3, Marauder  
  148  9:20  Marauder  
  148  9:22  Marine  
  148  9:23  Marine x3  
  145  9:25  Ghost  
  145  9:27  Marauder  
  140  9:33  Medivac x2  
  140  9:37  Widow Mine x2  
  143  9:40  Marine  
  143  9:41  Marine x3  
  143  9:42  Marauder  
  147  9:47  Planetary Fortress  
  147  9:48  SCV  
  147  9:49  Marauder, SCV  
  151  9:54  Marine  
  151  9:57  Barracks x2, Marine  
  151  9:58  Marine x3  
  151  9:59  Barracks  
  156  10:03  Marauder, Medivac  
  157  10:10  Marine  
  157  10:12  Marauder  
  146  10:15  Marine  
  146  10:16  Marine x2  
  146  10:17  Marine  
  133  10:24  Marauder  
  133  10:27  Marine  
  139  10:44  Barracks Tech Lab  
  139  10:45  Barracks Tech Lab  
Tags
 
Add a new tag
Caveats
  • Supply blocks, unpowered buildings, or Contaminate may cause inaccurate times.
  • Supply counts are checked every 10 seconds.